 Seeded DCSS version 0.25.1-8-g42b30a86e7 (webtiles) character file.

Game seed: 20201210 (custom seed)

671 radhat240 the Magician (level 7, -1/36 HPs)
             Began as a Deep Elf Fire Elementalist on Dec 15, 2020.
             Slain by a centaur (6 damage)
             ... on level 6 of the Dungeon.
             The game lasted 00:35:00 (5137 turns).

radhat240 the Magician (Deep Elf Fire Elementalist) Turns: 5137, Time: 00:35:00

Health: -1/36      AC:  7    Str:  6    XL:     7   Next: 32%
Magic:  15/19      EV: 14    Int: 22    God:
Gold:   144        SH:  0    Dex: 15    Spells: 7/19 levels left

rFire    + . .     SeeInvis .   q - +8 dagger "Nayrioqem" {elec, rElec rN+++ Str-5 Stlth+}
rCold    . . .     Gourm    .   (no shield)
rNeg     + + +     Faith    .   a - +2 robe
rPois    .         Spirit   .   (no helmet)
rElec    +         Reflect  .   (no cloak)
rCorr    .         Harm     .   m - +0 pair of gloves
MR       .....                  i - +1 pair of boots
Stlth    +++.......             d - amulet of regeneration
HPRegen  0.52/turn              j - ring of protection from fire
MPRegen  0.16/turn              t - +6 ring of strength

@: no status effects
A: no striking features
a: no special abilities


You were on level 6 of the Dungeon.
You were not hungry.

You visited 1 branch of the dungeon, and saw 6 of its levels.
You also visited: Sewer.

You collected 144 gold pieces.

Inventory:

Hand Weapons
 f - a +0 short sword
 p - a +4 dagger
 q - the +8 dagger "Nayrioqem" (weapon) {elec, rElec rN+++ Str-5 Stlth+}
   (You found it on level 5 of the Dungeon)

   Occasionally, upon striking a foe, it will discharge some electrical energy
   and cause terrible harm.
   It affects your strength (-5).
   It insulates you from electricity.
   It renders you almost immune to negative energy.
   It makes you more stealthy.
Armour
 a - a +2 robe (worn)
 i - a +1 pair of boots (worn)
 m - a +0 pair of gloves (worn)
Jewellery
 d - an amulet of regeneration (around neck)
 j - a ring of protection from fire (left hand)
 t - a +6 ring of strength (right hand)
Scrolls
 b - 2 scrolls of identify {unknown}
 e - 2 scrolls of amnesia {unknown}
 k - 2 scrolls of blinking {unknown}
 l - a scroll of immolation {unknown}
 n - 2 scrolls of remove curse {unknown}
 o - 2 scrolls of fear {unknown}
 r - 4 scrolls of teleportation {unknown}
Potions
 g - 2 potions of might {unknown}
 h - 2 potions of curing {unknown}
 s - a potion of ambrosia {unknown}
 u - 2 potions of magic {unknown}
 v - a potion of haste
Comestibles
 c - 10 rations
 w - a chunk of flesh


   Skills:
 + Level 3.7 Dodging
 + Level 3.3 Stealth
 + Level 6.8 Spellcasting
 + Level 3.9 Conjurations
 + Level 0.6 Hexes
 + Level 5.8 Fire Magic


You had 7 spell levels left.
You knew the following spells:

 Your Spells              Type           Power        Failure   Level  Hunger
a - Foxfire               Conj/Fire      ####         1%          1    None
b - Conjure Flame         Conj/Fire      ####....     3%          3    None
c - Inner Flame           Hex/Fire       ###.....     7%          3    None
d - Fireball              Conj/Fire      ####......   30%         5    #####..

Your spell library contained the following spells:

 Spells                   Type           Power        Failure   Level  Hunger
 Sticky Flame             Conj/Fire      ####....     11%         4    ###....


Dungeon Overview and Level Annotations

Branches:
Dungeon (6/15)             Temple (0/1) D:6           Sewer (visited)

Altars:
Trog

Annotations:
D:5 Pikel


Message History

Nothing appears to happen.
The centaur misses you.
Casting: Foxfire (safe; 1% risk of failure)
Confirm with . or Enter, or press ? or * to list all spells.
Nothing appears to happen.
The centaur barely misses you. x2
Your foxfire dissipates!
The centaur wields a +0 shortbow.
The centaur shoots an arrow.
The arrow hits you!
* * * LOW HITPOINT WARNING * * *
The centaur shoots an arrow.
The arrow barely misses you.
You see here 2 arrows.
Casting: Foxfire (safe; 1% risk of failure)
Confirm with . or Enter, or press ? or * to list all spells.
You conjure some foxfire!
The foxfire hits the centaur.
The centaur is heavily wounded.
You hit the centaur.
The centaur is heavily wounded.
The foxfire hits the centaur.
The centaur is severely wounded.
The centaur unwields a +0 shortbow.
The centaur hits you.
You die...

.. #. #. #. #. #.
#.########
#.(((..c@#
########.# #.#
#####.###
##.......#
#..##'##.#
#..#≈≈≈#.#
#..#≈≈≈#.#
########..#≈.≈#.#


You could see a centaur.

Vanquished Creatures
  An ice beast (D:5)
  3 crimson imps
  A jelly (D:5)
  2 hounds
  2 orc wizards
  A bullfrog skeleton (D:5)
  An iguana (D:5)
  3 worker ants
  A gnoll (D:1)
  7 adders
  2 adder skeletons
  2 worms
  3 dart slugs
  4 leopard geckos
  7 orcs
  6 ball pythons (Sewer)
  6 bats (D:1)
  7 giant cockroaches
  5 goblins (D:1)
  9 hobgoblins
  7 jackals
  8 frilled lizards
  13 kobolds
  A leopard gecko skeleton (D:5)
  11 rats
  5 plants (Sewer)
118 creatures vanquished.

Vanquished Creatures (collateral kills)
  A rat (D:3)
1 creature vanquished.

Vanquished Creatures (others)
  346 foxfires
346 creatures vanquished.

Grand Total: 465 creatures vanquished

Notes
Turn   | Place    | Note
-------+----------+-------------------------------------------
     0 | D:1      | radhat240 the Deep Elf Fire Elementalist began the quest
                  | for the Orb.
     0 | D:1      | Reached XP level 1. HP: 10/10 MP: 6/6
   182 | D:1      | Reached XP level 2. HP: 14/15 MP: 4/8
   428 | D:1      | Reached XP level 3. HP: 14/19 MP: 1/9
   448 | D:1      | Learned a level 3 spell: Conjure Flame
   452 | D:1      | Learned a level 3 spell: Inner Flame
  1262 | D:2      | You fall into a shaft and drop 1 floor!
  1472 | D:3      | Reached skill level 4 in Spellcasting
  1519 | D:3      | Reached XP level 4. HP: 24/24 MP: 8/12
  2303 | D:4      | Reached skill level 5 in Spellcasting
  2303 | D:4      | Reached XP level 5. HP: 28/28 MP: 7/14
  2317 | D:4      | Learned a level 5 spell: Fireball
  2623 | D:4      | Noticed a moth of wrath
  2626 | D:4      | Found a bloodstained altar of Trog.
  3131 | D:5      | Entered Level 5 of the Dungeon
  3264 | D:5      | Reached skill level 6 in Spellcasting
  3264 | D:5      | Reached XP level 6. HP: 30/32 MP: 17/17
  3345 | D:5      | Got a faintly glowing dagger
  3440 | D:5      | Noticed an ice beast
  3543 | D:5      | Reached skill level 5 in Fire Magic
  3744 | D:5      | Killed an ice beast
  3744 | D:5      | Reached XP level 7. HP: 36/36 MP: 10/18
  3905 | D:5      | Identified the +8 dagger "Nayrioqem" {elec, rElec rN+++
                  | Str-5 Stlth+} (You found it on level 5 of the Dungeon)
  3921 | D:5      | Noticed Pikel
  3976 | D:6      | Found a staircase to the Ecumenical Temple.
  3996 | D:6      | Found a glowing drain.
  4087 | Sewer    | Entered a sewer
  5137 | D:6      | Slain by a centaur

Illustrated notes

Levels and vault maps discovered:
D:1:      dpeg_arrival_snail, layout_basic
D:2:      layout_basic, chequers_temple_overflow_statue_of_worship,
          minmay_hedge_maze, minmay_misc_feat_five
D:3:      layout_basic
D:4:      layout_loops_ring, tgw_trog, first_ration, minmay_distorted
D:5:      layout_basic, kennysheep_nub, minmay_fractal_squares_diagonal_5,
          uniq_pikel
D:6:      layout_loops_ring, kennysheep_mini_moat,
          minmay_temple_entry_overgrown, gup_sewer_entry_glass,
          cheibrodos_ashenzari_chains

Skill      XL: |  1  2  3  4  5  6 |
---------------+-------------------+-----
Fire Magic     | 4 5 |  5.8
Conjurations   | 2 3 |  3.9
Spellcasting   | 4 5 6 |  6.8
Dodging        | 3 |  3.7
Stealth        | 3 |  3.3
Hexes          | |  0.6

Action                   |  1- 3 |  4- 6 |  7- 9 || total
-------------------------+-------+-------+-------++-------
Melee: Short sword       |    17 |       |       ||    17
       Dagger            |       |    51 |    76 ||   127
 Cast: Foxfire           |    83 |    99 |    54 ||   236
       Inner Flame       |     3 |     3 |       ||     6
       Fireball          |       |       |     7 ||     7
  Use: Scroll            |     3 |       |       ||     3
       Potion            |       |     1 |       ||     1
 Stab: Distracted        |       |     1 |       ||     1
  Eat: Chunk             |     2 |     4 |     2 ||     8
       Ration            |       |     1 |     2 ||     3
Armor: Robe              |    18 |    43 |    12 ||    73
Dodge: Dodged            |    43 |    64 |    43 ||   150
